 Dungeon Crawl Stone Soup version 0.29.1-2-gbd0b4ee654 (webtiles) character file.

Game seed: 324044844783085420

3486 MTVSty1e the Cleaver (level 9, -1/86 HPs)
             Began as a Minotaur Fighter on Oct 26, 2022.
             Was a Believer of Okawaru.
             Slain by a death yak (22 damage)
             ... on level 7 of the Dungeon.
             The game lasted 00:08:03 (7471 turns).

MTVSty1e the Cleaver (Minotaur Fighter)             Turns: 7471, Time: 00:08:04

Health: -1/86      AC: 16    Str: 25    XL:     9   Next: 79%
Magic:  8/8        EV:  7    Int:  5    God:    Okawaru [**....]
Gold:   648        SH:  5    Dex: 16    Spells: 8/8 levels left

rFire   . . .      SeeInvis .   a - +0 war axe (venom)
rCold   . . .      Faith    .   c - +0 buckler
rNeg    . . .      Spirit   .   f - +5 chain mail of the Uplifting Gods {Slay+5}
rPois   .          Reflect  .   (helmet restricted)
rElec   .          Harm     .   u - +0 cloak
rCorr   .          Rampage  .   t - +0 pair of gloves
Will    .....                   (no boots)
Stlth   ..........              (no amulet)
HPRegen 0.24/turn               k - +6 ring of dexterity
MPRegen 0.11/turn               (no ring)

@: invisible
A: horns 2, retaliatory headbutt
a: Renounce Religion, Heroism


You were on level 7 of the Dungeon.
You worshipped Okawaru.
Okawaru was pleased with you.
You visited 2 branches of the dungeon, and saw 9 of its levels.
You also visited: Ossuary.

You collected 648 gold pieces.

Inventory:

Hand Weapons
 a - a +0 war axe of venom (weapon)
 y - the +11 whip "Jedwutoe" {protect, +Blink rPois Str+2 SInv}
   (You found it on level 3 of the Dungeon)

   It grants its wielder temporary protection when it strikes (+7 to AC).
   Str:       It affects your strength (+2).
   rPois:     It protects you from poison.
   SInv:      It lets you see invisible.
   +Blink:    It lets you blink.
Armour
 b - a +0 scale mail
 c - a +0 buckler (worn)
 f - the +5 chain mail of the Uplifting Gods (worn) {Slay+5}
   (You took it off an orc on level 5 of the Dungeon)

   Slay:      It affects your accuracy & damage with ranged weapons and melee
   (+5).
 t - a +0 pair of gloves (worn)
 u - a +0 cloak (worn)
Jewellery
 h - a ring of ice
 k - a +6 ring of dexterity (left hand)
 G - a ring of willpower
Wands
 m - a wand of flame (40)
Scrolls
 d - 2 scrolls of fog
 e - 6 scrolls of identify
 g - a scroll of summoning {unknown}
 j - a scroll of noise
 p - 5 scrolls of teleportation
 s - 3 scrolls of vulnerability
 w - 3 scrolls of immolation
 z - a scroll of fear {unknown}
Potions
 i - 3 potions of lignification
 l - a potion of attraction {unknown}
 n - a potion of magic {unknown}
 o - 4 potions of brilliance {unknown}
 q - a potion of heal wounds {unknown}
 r - a potion of might
 v - 8 potions of curing
 x - 4 potions of cancellation
 A - 3 potions of flight
 B - a potion of invisibility
 C - 2 potions of resistance {unknown}
 D - 3 potions of mutation
 E - a potion of ambrosia {unknown}


   Skills:
 + Level 10.3 Fighting
 * Level 13.7 Axes
 - Level 3.6 Armour
 - Level 3.6 Shields


You had 8 spell levels left.
You didn't know any spells.
Your spell library contained the following spells:

 Spells                   Type           Power      Damage    Failure   Level
 Slow                     Hex            0%         N/A       99%         1
 Confusing Touch          Hex            0%         N/A       100%        3
 Gell's Gravitas          Tloc           0%         N/A       100%        3
 Ignite Poison            Fire/Tmut/Pois 0%         N/A       100%        3
 Inner Flame              Hex/Fire       0%         N/A       100%        3
 Lesser Beckoning         Tloc           0%         N/A       100%        3
 Mephitic Cloud           Conj/Pois/Air  0%         N/A       100%        3
 Teleport Other           Tloc           0%         N/A       100%        3
 Vampiric Draining        Necr           0%         2d6       100%        3
 Cause Fear               Hex            0%         N/A       100%        4
 Freezing Cloud           Conj/Ice/Air   0%         6-21      100%        5
 Discord                  Hex            0%         N/A       100%        8


Dungeon Overview and Level Annotations

Branches:
Dungeon (8/15)             Temple (1/1) D:5            Lair (0/5) D:8
Ossuary (visited)

Altars:
Ashenzari
Cheibriados
Dithmenos
Elyvilon
Fedhas
Gozag
Hepliaklqana
Kikubaaqudgha
Makhleb
Nemelex Xobeh
Okawaru
Qazlal
Sif Muna
Trog
Uskayaw
Vehumet
Yredelemnul
Zin
The Shining One

Annotations:
D:8 Prince Ribbit


Innate Abilities, Weirdness & Mutations

You have a pair of horns on your head.
You reflexively headbutt those who attack you in melee.


Message History

You slash the death yak!
The death yak looks as sick as possible!
You headbutt the death yak, but do no damage.
The death yak is severely wounded.
The death yak gores you but does no damage.
You slice the death yak!!
You kill the death yak!
Okawaru is honoured by your kill.
Your Fighting skill increases to level 10!
No target in view!
No target in view!
No target in view!
No target in view!
No target in view!
No target in view!
No target in view!
No target in view!
No target in view!
No target in view!
You climb downwards.
Level annotation: Prince Ribbit The orc shouts!
The death yak gores you. The death yak gores you!!
The orc hits you but does no damage. The death yak gores you! x2
The orc hits you but does no damage. The death yak gores you.
An orc wizard comes into view. It is wielding a +0 dagger.
There is a stone staircase leading up, spattered with blood here.
The death yak gores you! The orc hits you but does no damage.
The death yak gores you but does no damage. x2
The death yak barely misses you.
The death yak gores you but does no damage.
You climb upwards.
There is a stone staircase leading down, spattered with blood here.
Okay, then.
Okay, then.
You fade into invisibility!
The death yak gores you.
* * * LOW HITPOINT WARNING * * *
The death yak gores you!!
You die...

# #######....#....##### #....##
##### ######........####.####.
#...# #....#..................
....#######...'............#.....
...#......#####............'.....
...#......#...###'#........#####.
...+......#.......#............##
#..#......#.....YY#....####....#.
#..#......#....Y@†#....#..#....'.
...#......+......YY....+..#....#.
...'......#....o..#....#..#....##
####......#.......#....#..#......
..........#.......#....#..#......
..........'.......#....'..#......
..........#.......#....#.>#......
..........#.......#....######....
#+#########...###'#....#....+....


You could see 5 death yaks and an orc (unable to see you).

Vanquished Creatures
  A death yak (D:7)
  Grinder (D:4)
  Sigmund (D:2)
  Menkaure (D:4)
  2 ice beasts
  3 black bears
  2 sky beasts (D:7)
  An ogre (D:5)
  2 centaurs
  2 phantoms
  A bullfrog (D:7)
  2 necrophages
  6 scorpions
  2 howler monkeys
  2 hounds
  2 jellies (D:5)
  5 orc priests
  A gnoll bouda (D:7)
  3 iguanas
  2 orc wizards (D:5)
  8 mummies (Ossuary)
  4 gnolls (D:7)
  10 adders
  A worm (D:4)
  2 dart slugs
  25 orcs
  3 bats
  6 endoplasms
  3 giant cockroaches
  A gnoll zombie (Ossuary)
  10 goblins
  5 hobgoblins
  4 quokkas
  3 ball pythons
  2 frilled lizards
  6 hobgoblin zombies (Ossuary)
  7 kobolds
  An orc zombie (Ossuary)
  3 rats
146 creatures vanquished.

Vanquished Creatures (others)
  An orc wizard (D:5)
  A plant (D:4)
2 creatures vanquished.

Grand Total: 148 creatures vanquished

Notes
Turn   | Place    | Note
-------+----------+-------------------------------------------
     0 | D:1      | MTVSty1e the Minotaur Fighter began the quest for the Orb.
     0 | D:1      | Reached XP level 1. HP: 19/19 MP: 0/0
   182 | D:1      | Reached skill level 3 in Axes
   201 | D:1      | Reached XP level 2. HP: 27/27 MP: 1/1
   833 | D:2      | Noticed Sigmund
   840 | D:2      | Reached XP level 3. HP: 8/33 MP: 2/2
   842 | D:2      | Killed Sigmund
   843 | D:2      | Reached skill level 5 in Fighting
   843 | D:2      | Reached skill level 5 in Axes
   843 | D:2      | Reached XP level 4. HP: 11/42 MP: 3/3
   843 | D:2      | Reached XP level 5. HP: 12/48 MP: 4/4
  1220 | D:2      | Reached skill level 6 in Axes
  1864 | D:3      | Identified the +11 whip "Jedwutoe" {protect, +Blink rPois
                  | Str+2 SInv}
  2326 | D:4      | Reached XP level 6. HP: 56/56 MP: 5/5
  2494 | D:4      | Noticed Menkaure
  2500 | D:4      | Killed Menkaure
  2501 | D:4      | Reached skill level 7 in Axes
  2886 | D:4      | Found a sand-covered staircase.
  2895 | Ossuary  | Entered an ossuary
  2903 | Ossuary  | Reached XP level 7. HP: 61/63 MP: 6/6
  3100 | Ossuary  | Reached skill level 8 in Axes
  3488 | D:4      | Noticed Grinder
  3490 | D:4      | Paralysed by Grinder for 3 turns
  3496 | D:4      | Killed Grinder
  3974 | D:5      | Entered Level 5 of the Dungeon
  3981 | D:5      | Found a staircase to the Ecumenical Temple.
  3999 | D:5      | Reached skill level 9 in Axes
  3999 | Temple   | Entered the Ecumenical Temple
  4154 | Temple   | Became a worshipper of Warmaster Okawaru
  4226 | D:5      | Identified the +5 chain mail of the Uplifting Gods {Slay+5}
  4227 | D:5      | Reached XP level 8. HP: 58/73 MP: 7/7
  4413 | D:5      | Reached skill level 10 in Axes
  4793 | D:5      | Reached * piety under Okawaru
  4902 | D:5      | Reached skill level 11 in Axes
  5103 | D:5      | Found a burning altar of Makhleb.
  5114 | D:5      | Found a hazy altar of Hepliaklqana.
  5805 | D:6      | Found a shadowy altar of Dithmenos.
  5816 | D:6      | Found a hide-covered altar of Uskayaw.
  5931 | D:6      | Reached XP level 9. HP: 82/82 MP: 8/8
  6263 | D:6      | Reached skill level 12 in Axes
  6780 | D:7      | Reached ** piety under Okawaru
  7222 | D:7      | Found a shimmering blue altar of Sif Muna.
  7302 | D:7      | Reached skill level 13 in Axes
  7425 | D:8      | Noticed Prince Ribbit
  7425 | D:8      | Noticed a two-headed ogre
  7458 | D:8      | Noticed a death yak
  7458 | D:8      | Noticed a death yak
  7458 | D:8      | Noticed a death yak
  7458 | D:8      | Noticed a death yak
  7458 | D:8      | Noticed a death yak
  7458 | D:8      | Noticed a death yak
  7458 | D:8      | Noticed a death yak
  7458 | D:8      | Found a staircase to the Lair.
  7459 | D:8      | Noticed a death yak
  7466 | D:7      | Killed a death yak
  7467 | D:7      | Reached skill level 10 in Fighting
  7471 | D:7      | Slain by a death yak

Illustrated notes

Levels and vault maps discovered:
D:1:      wander_arrival_peaceful_grave, layout_loops_cross,
          supply_closet_lemuel, minmay_ruptured
D:2:      layout_rooms, uniq_sigmund
D:3:      layout_loops_ring, minmay_crystal_water, kennysheep_generic_room_2
D:4:      layout_loops_corners, enter_ossuary_1, serial_bayou_crossing,
          uniq_menkaure, uniq_grinder
D:5:      layout_loops_cross, mainiacjoe_overflow_swirl,
          minmay_temple_entry_junction, grunt_decor_mini_mirrors
D:6:      layout_loops_corners, mainiacjoe_overflow_catwalk_spiral
D:7:      layout_gridville, nicolae_sif_muna_condensation
D:8:      layout_rooms, gammafunk_temple_overflow_elements, dpeg_lair_monsters,
          uniq_maggie, uniq_prince_ribbit1, uniq_amaemon
Temple:   jpeg_temple_clearing

Skill      XL: |  1  2  3  4  5  6  7  8  9 |
---------------+----------------------------+-----
Axes           | 3 5 6 7 9 11 13 | 13.7
Fighting       | 4 5 6 7 8 10 | 10.3
Armour         | |  3.6
Shields        | |  3.6

Action                   |  1- 3 |  4- 6 |  7- 9 || total
-------------------------+-------+-------+-------++-------
Melee: War axe           |    41 |    86 |   194 ||   321
       Headbutt          |     3 |    10 |    39 ||    52
  Use: Potion            |     1 |     1 |     1 ||     3
       Scroll            |       |       |    17 ||    17
Armor: Scale mail        |    14 |    28 |    20 ||    62
       Chain mail        |       |       |    75 ||    75
Dodge: Dodged            |    20 |    37 |    60 ||   117
Block: Buckler           |     9 |    15 |    36 ||    60
